 Dungeon Crawl Stone Soup version 0.29-a0-118-g06d03a830b (webtiles) character file.

Game seed: 16580794433162370268

133 Grim the Bolt Thrower (level 4, -1/37 HPs)
             Began as a Minotaur Hunter on Feb 19, 2022.
             Slain by a gnoll (5 damage)
             ... on level 3 of the Dungeon.
             The game lasted 00:04:38 (2747 turns).

Grim the Bolt Thrower (Minotaur Hunter)             Turns: 2747, Time: 00:04:38

Health: -1/37      AC:  5    Str: 16    XL:     4   Next: 94%
Magic:  3/3        EV: 11    Int: 10    God:
Gold:   203        SH:  0    Dex: 11    Spells: 3/3 levels left

rFire   . . .      SeeInvis .   a - +1 hand crossbow
rCold   . . .      Faith    .   (no shield)
rNeg    . . .      Spirit   .   i - +0 ring mail
rPois   .          Reflect  .   (helmet restricted)
rElec   .          Harm     .   (no cloak)
rCorr   .          Rampage  .   (no gloves)
Will    .....                   (no boots)
Stlth   +.........              (no amulet)
HPRegen 0.12/turn               (no ring)
MPRegen 0.08/turn               (no ring)

@: no status effects
A: horns 2, retaliatory headbutt
a: no special abilities


You were on level 3 of the Dungeon.
You visited 1 branch of the dungeon, and saw 4 of its levels.

You collected 203 gold pieces.

Inventory:

Hand Weapons
 a - a +1 hand crossbow (weapon)
 b - a +0 hand axe
 d - a +0 short sword
Missiles
 p - a bolt (quivered ammo)
Armour
 c - a +0 leather armour
 i - a +0 ring mail (worn)
Jewellery
 m - an amulet of the acrobat
Wands
 o - a wand of mindburst (29)
Scrolls
 g - a scroll of immolation {unknown}
 h - 3 scrolls of identify {unknown}
 k - a scroll of vulnerability {unknown}
 l - a scroll of blinking {unknown}
 n - a scroll of enchant armour {unknown}
 s - a scroll of noise {unknown}
Potions
 e - 3 potions of lignification {unknown}
 f - a potion of invisibility {unknown}
 j - 2 potions of flight {unknown}
 q - a potion of berserk rage {unknown}
 r - a potion of curing {unknown}


   Skills:
 - Level 2.4 Fighting
 + Level 0.3 Axes
 * Level 6.9 Crossbows
 - Level 2.1 Dodging
 - Level 0.7 Stealth


You had 3 spell levels left.
You didn't know any spells.
Your spell library contained the following spells:

 Spells                   Type           Power      Damage    Failure   Level
 Summon Small Mammal      Summ           0%         N/A       58%         1
 Ensorcelled Hibernation  Hex/Ice        0%         N/A       73%         2
 Call Canine Familiar     Summ           0%         N/A       91%         3
 Spider Form              Tmut/Pois      0%         N/A       91%         3
 Summon Guardian Golem    Hex/Summ       0%         N/A       91%         3
 Anguish                  Hex/Necr       0%         N/A       100%        4


Dungeon Overview and Level Annotations

Branches:
Dungeon (4/15)
 Temple: D:4-7

Altars:
Xom

Shops:
D:2 (:?(


Innate Abilities, Weirdness & Mutations

You have a pair of horns on your head.
You reflexively headbutt those who attack you in melee.


Message History

You hit the gnoll but do no damage.
The gnoll is lightly wounded.
You closely miss the gnoll. The gnoll hits you with a +0 club. x2
* * * LOW HITPOINT WARNING * * *
You barely miss the gnoll. Your punch misses the gnoll.
The gnoll is almost dead.
You barely miss the gnoll. The gnoll hits you but does no damage.
The gnoll hits you with a +0 club.
* * * LOW HITPOINT WARNING * * *
The gnoll barely misses you. You furiously retaliate!
You headbutt the gnoll! You barely miss the gnoll.
The gnoll is almost dead.
You hit the gnoll. The gnoll hits you with a +0 club.
* * * LOW HITPOINT WARNING * * *
The gnoll hits you with a +0 club.
* * * LOW HITPOINT WARNING * * *
The gnoll hits you with a +0 club.
* * * LOW HITPOINT WARNING * * *
a - a +1 hand crossbow (weapon)
You see here 22 arrows.
The gnoll hits you with a +0 club.
* * * LOW HITPOINT WARNING * * *
A gnoll opens the door.
Found a robe.
As you open the door, it creaks loudly!
A hobgoblin comes into view.
The hobgoblin shouts!
A hound comes into view.
Found 5 arrows.
You close the door.
The gnoll barely misses you. The gnoll barely misses you. x2
The gnoll hits you with a +0 club.
* * * LOW HITPOINT WARNING * * *
The gnoll hits you with a +0 club.
* * * LOW HITPOINT WARNING * * *
There is a stone staircase leading up here.
You climb upwards.
There is a stone staircase leading down here.
The gnoll hits you with a +0 club.
You die...

######### #.......#
# #.#####.#### #
#.# #.#..# #
#.#####.#..# #
#.##....#..# #
##@##....#..#
#..g.....#..#
#........#..#
#........#..#######
#...........#......
#....#..>..........
#....#......#.#....
#....#......#.#....
##'###......#.#####


You could see a gnoll.

Vanquished Creatures
  An orc priest (D:3)
  A gnoll (D:4)
  2 adders
  A worm (D:2)
  A dart slug (D:1)
  8 orcs (D:3)
  4 bats
  4 endoplasms
  4 giant cockroaches
  4 goblins
  9 hobgoblins
  2 jackals (D:1)
  6 kobolds
  A quokka (D:1)
  5 ball pythons
  2 frilled lizards
  2 rats
57 creatures vanquished.

Notes
Turn   | Place    | Note
-------+----------+-------------------------------------------
     0 | D:1      | Grim the Minotaur Hunter began the quest for the Orb.
     0 | D:1      | Reached XP level 1. HP: 18/18 MP: 0/0
   129 | D:1      | Reached XP level 2. HP: 25/25 MP: 1/1
   192 | D:1      | Reached skill level 5 in Crossbows
   825 | D:2      | Reached XP level 3. HP: 30/30 MP: 2/2
   880 | D:2      | Found Zunigrapu's Book Shop.
  1005 | D:2      | Found Xexum's Weapon Shop.
  1144 | D:2      | Found Kiokik's Magic Scroll Shop.
  1208 | D:2      | Found Esydadghe's Weapon Boutique.
  1318 | D:2      | Reached skill level 6 in Crossbows
  1516 | D:2      | Found a shimmering altar of Xom.
  1820 | D:3      | Reached XP level 4. HP: 30/37 MP: 3/3
  2318 | D:3      | Found a faded altar of an unknown god.
  2747 | D:3      | Slain by a gnoll

Illustrated notes

Levels and vault maps discovered:
D:1:      dpeg_arrival_long_road, layout_loops_cross
D:2:      layout_loops_ring, serial_shops, shop, nicolae_shop_crystal,
          nicolae_shop_waterfront, shop, basic_altar, minmay_splitting_lines
D:3:      layout_basic, shapermc_ecumenical_altar_mp_urbaneastern
D:4:      layout_gridville, biasface_ghost_orc_armoury, nicolae_elemental_shop,
          uniq_eustachio

Skill      XL: |  1  2  3 |
---------------+----------+-----
Crossbows      | 5 6 |  6.9
Fighting       | |  2.4
Axes           | |  0.3
Dodging        | |  2.1
Stealth        | |  0.7

Action                   |  1- 3 |  4- 6 || total
-------------------------+-------+-------++-------
Melee: Hand axe          |       |     7 ||     7
       Short sword       |       |     5 ||     5
       Headbutt          |       |     1 ||     1
 Fire: Hand crossbow     |    89 |    42 ||   131
Armor: Leather armour    |     1 |       ||     1
       Ring mail         |     7 |     3 ||    10
Dodge: Dodged            |    14 |    14 ||    28

Table legend: (Time is in decaauts)
 A = Elapsed time spent in this place.
 B = Non-inter-level travel time spent in this place.
 C = Inter-level travel time spent in this place.
 D = Time resting spent in this place.
 E = Time spent auto-exploring this place.
 F = Levels seen in this place.
 G = Mean time per level.
                   A        B        C        D        E       F      G
               +--------+--------+--------+--------+--------+-----+--------+
         Total |   2772 |   2715 |     57 |    208 |   2032 |   4 |  693.0 |
       Dungeon |   2772 |   2715 |     57 |    208 |   2032 |   4 |  693.0 |
               +--------+--------+--------+--------+--------+-----+--------+

Top non-repeatable levels by time:
     D:2: 959 daAuts
     D:3: 886 daAuts
     D:1: 786 daAuts
     D:4: 141 daAuts
